 Dungeon Sprint DCSS version 0.29-a0-802-g34511f41fd (webtiles) character file.

Game seed: 14356144179771541903

130 Hipnos the Cudgeller (level 4, 0/75 HPs)
             Began as a Troll Berserker on July 3, 2022.
             Was a Follower of Trog.
             Slain by a neqoxec (7 damage)
             ... in the Dungeon (Sprint II: "The Violet Keep of Menkaure").
             The game lasted 00:00:20 (17 turns).

Hipnos the Cudgeller (Troll Berserker)                Turns: 17, Time: 00:00:20

Health: 0/75       AC:  4    Str: 27    XL:     4   Next: 90%
Magic:  3/3        EV: 11    Int:  3    God:    Trog [*.....]
Gold:   0          SH:  0    Dex:  9    Spells: 3/3 levels left

rFire   . . .      SeeInvis .   a - +0 mace
rCold   . . .      Faith    .   (no shield)
rNeg    . . .      Spirit   .   b - +0 animal skin
rPois   .          Reflect  .   (helmet restricted)
rElec   .          Harm     .   (no cloak)
rCorr   .          Rampage  .   (gloves unavailable)
Will    .....      NoTele   +   (boots unavailable)
Stlth   ..........              (no amulet)
HPRegen 1.02/turn               (no ring)
MPRegen 0.08/turn               (no ring)

@: berserking (expiring), very quick
A: large, unfitting armour, claws 3, regeneration 1, shaggy fur 1, tough skin 1
a: Renounce Religion, Berserk


You were in the Dungeon.
You worshipped Trog.
Trog was aware of your devotion.
You visited 1 branch

Inventory:

Hand Weapons
 a - a +0 mace (weapon)
Armour
 b - a +0 animal skin (worn)
Scrolls
 h - a scroll of blinking
Potions
 c - a potion of curing
 d - a potion of heal wounds
 e - a potion of haste
 f - 2 potions of magic
 g - a potion of berserk rage


   Skills:
 + Level 5.0 Fighting
 + Level 6.0 Maces & Flails
 + Level 5.3 Dodging


You had 3 spell levels left.
You didn't know any spells.
Your spell library was empty.

Dungeon Overview and Level Annotations

Branches:
Dungeon (1/1)

Altars:


Innate Abilities, Weirdness & Mutations

You are too large for most types of armour.
You have claws for hands.
Your natural rate of healing is unusually fast.
You are covered in fur. (AC +1)
You have tough skin. (AC +1)


Message History

The neqoxec is heavily wounded.
The neqoxec hits you!
You hit the neqoxec.
The neqoxec is severely wounded.
You hit the neqoxec.
The neqoxec is severely wounded.
The neqoxec gestures at you.
Something tries to feed on your intellect!
You sock the neqoxec!
The neqoxec is almost dead.
A neqoxec comes into view.
The neqoxec hits you!
* * * LOW HITPOINT WARNING * * *
You closely miss the neqoxec.
The neqoxec is almost dead.
The neqoxec shouts!
The neqoxec hits you.
* * * LOW HITPOINT WARNING * * *
You hit the neqoxec.
You kill the neqoxec!
Trog accepts your kill.
You feel your intelligence returning.
Your Fighting skill gained 3 levels and is now at level 5!
Your Maces & Flails skill gained 4 levels and is now at level 6!
Your Dodging skill gained 3 levels and is now at level 5!
You have reached level 2!
You have reached level 3!
Your experience leads to an increase in your attributes!
Increase (S)trength, (I)ntelligence, or (D)exterity?
You feel stronger. x3
You have reached level 4!
Okay, then.
You closely miss the neqoxec. You closely miss the neqoxec.
The neqoxec hits you but does no damage.
A neqoxec comes into view.
You hit the neqoxec.
The neqoxec is lightly wounded.
The neqoxec hits you!
You die...

# #3
#+#
#.##.##
#3@<.+
###.##
#+#


You could see 2 neqoxecs.

Vanquished Creatures
  A neqoxec (D)
1 creature vanquished.

Notes
Turn   | Place    | Note
-------+----------+-------------------------------------------
     0 | D        | Hipnos the Troll Berserker began the quest for the Orb.
     0 | D        | Reached XP level 1. HP: 22/22 MP: 0/0
     1 | D        | Noticed a neqoxec
    12 | D        | Noticed a neqoxec
    13 | D        | HP: 1/33 [neqoxec (4)]
    14 | D        | Killed a neqoxec
    15 | D        | Reached skill level 5 in Fighting
    15 | D        | Reached skill level 6 in Maces & Flails
    15 | D        | Reached skill level 5 in Dodging
    15 | D        | Reached XP level 2. HP: 3/35 MP: 1/1
    15 | D        | Reached XP level 3. HP: 4/42 MP: 2/2
    15 | D        | Reached XP level 4. HP: 5/50 MP: 3/3
    16 | D        | Noticed a neqoxec
    17 | D        | Slain by a neqoxec

Illustrated notes

Levels and vault maps discovered:
D:        the_violet_keep_of_menkaure [sprint2_stairs_cluster_1,
          sprint2_shoproom, sprint2_temple, sprint2_basic_supplies,
          sprint2_obstacle_5, sprint2_obstacle_2, sprint2_obstacle_3,
          sprint2_obstacle_7, sprint2_obstacle_4, sprint2_timed_cluster_1,
          sprint2_smallroom_cluster_1, sprint2_smallroom_final_cluster_1,
          sprint2_transparent_cluster_1, sprint2_second_timed_cluster_1,
          sprint2_sniper_area_1, sprint2_heavy_combat_area_1,
          sprint2_mutation_trap_area_1, sprint2_forest_area_1,
          sprint2_light_combat_area_1, sprint2_behind_water_1,
          sprint2_near_end_vault_1]

Skill      XL: |  1 |
---------------+----+-----
Fighting       | 5 |  5.0
Maces & Flails | 6 |  6.0
Dodging        | 5 |  5.3

Action                   |  1- 3 |  4- 6 || total
-------------------------+-------+-------++-------
Melee: Mace              |    12 |     3 ||    15
Invok: Berserk           |     1 |       ||     1
Armor: Animal skin       |     1 |     1 ||     2
Dodge: Dodged            |     1 |       ||     1

Table legend: (Time is in decaauts)
 A = Elapsed time spent in this place.
 B = Non-inter-level travel time spent in this place.
 C = Inter-level travel time spent in this place.
 D = Time resting spent in this place.
 E = Time spent auto-exploring this place.
 F = Levels seen in this place.
 G = Mean time per level.
                   A        B        C        D        E       F      G
               +--------+--------+--------+--------+--------+-----+--------+
         Total |     14 |     14 |      0 |      0 |      0 |   1 |   14.0 |
       Dungeon |     14 |     14 |      0 |      0 |      0 |   1 |   14.0 |
               +--------+--------+--------+--------+--------+-----+--------+

Top non-repeatable levels by time:
       D: 14 daAuts
